 Dungeon Crawl Stone Soup version 0.22.0-49-gab54619674 (webtiles) character file.

2347 catsarecewl the Arsonist (level 9, -8/61 HPs)
             Began as an Octopode Fire Elementalist on Sept 5, 2018.
             Was a Follower of Vehumet.
             Mangled by a two-headed ogre
             ... wielding a +0 giant spiked club
              (37 damage)
             ... on level 8 of the Dungeon.
             The game lasted 00:57:23 (12497 turns).

catsarecewl the Arsonist (OpFE)                    Turns: 12497, Time: 00:57:27

Health: -8/61      AC:  1    Str:  8    XL:     9   Next: 43%
Magic:  10/21      EV: 15    Int: 19    God:    Vehumet [*.....]
Gold:   236        SH:  0    Dex: 13    Spells: 2/12 levels left

rFire    . . .     SeeInvis .   a - +6 mace of the Two Names {speed, rPois MR+ MP+9}
rCold    . . .     Gourm    .   (no shield)
rNeg     . . .     Faith    .   (helmet restricted)
rPois    +         Spirit   .   (no amulet)
rElec    .         Reflect  .   (no ring)
rCorr    .         Harm     .   (no ring)
MR       +....                  (no ring)
Stlth    ++++......             (no ring)
HPRegen  0.20/turn              (no ring)
MPRegen  0.17/turn              (no ring)
                                (no ring)
                                (no ring)

@: very slightly contaminated
A: almost no armour, stealthy swim, amphibious, 8 rings, constrict 8, camouflage
1, gelatinous body 1
a: Renounce Religion


You were on level 8 of the Dungeon.
You worshipped Vehumet.
Vehumet was aware of your devotion.
You were not hungry.

You visited 2 branches of the dungeon, and saw 9 of its levels.

You collected 236 gold pieces.

Inventory:

Hand Weapons
 a - the +6 mace of the Two Names (weapon) {speed, rPois MR+ MP+9}
   (You found it on level 6 of the Dungeon)

   Attacks with this weapon are significantly faster.
   It protects you from poison.
   It affects your resistance to hostile enchantments.
   It affects your magic capacity (+9).
 l - a +2 dagger of electrocution
 o - a +0 dagger of venom
 u - a +2 whip of electrocution
Missiles
 d - 147 stones (quivered)
 h - 9 tomahawks
Magical Staves
 m - an uncursed staff of air
Wands
 i - a wand of flame (60)
 q - a wand of polymorph (10)
 y - a wand of digging (9)
Scrolls
 e - a scroll of teleportation {unknown}
 f - 2 scrolls of fear {unknown}
 g - a scroll of remove curse
 j - a scroll of noise {unknown}
 n - 3 scrolls of blinking {unknown}
 t - 2 scrolls of enchant armour {unknown}
 v - a scroll of enchant weapon {unknown}
Potions
 c - a potion of brilliance
 k - 3 potions of heal wounds
 p - a potion of mutation {unknown}
 r - 2 potions of curing {unknown}
 s - a potion of agility
 w - a potion of ambrosia {unknown}
 x - 2 potions of resistance
Miscellaneous
 z - a lamp of fire
Comestibles
 b - 7 rations
 A - a chunk of flesh


   Skills:
 - Level 5.3 Fighting
 - Level 4.0 Dodging
 - Level 4.0 Stealth
 - Level 2.0 Spellcasting
 * Level 7.1 Conjurations
 - Level 8.0 Fire Magic


You had 2 spell levels left.
You knew the following spells:

 Your Spells              Type           Power        Failure   Level  Hunger
a - Flame Tongue          Conj/Fire      ####.        1%          1    #......
b - Throw Flame           Conj/Fire      ####..       1%          2    ###....
c - Conjure Flame         Conj/Fire      ####....     2%          3    ###....
d - Sticky Flame          Conj/Fire      ####....     8%          4    #####..

Your spell library contained the following spells:

 Spells                   Type           Power        Failure   Level  Hunger
 Freeze                   Ice            #...         17%         1    #......
 Inner Flame              Hex/Fire       ###.....     10%         3    ###....
 Fireball                 Conj/Fire      ####......   21%         5    ######.
 Bolt of Magma            Conj/Fire/Erth ###.......   52%         5    ######.
 Iskenderun's Battlesphe  Conj/Chrm      ###.....     73%         5    ######.
 Venom Bolt               Conj/Pois      ###.......   73%         5    ######.
 Iron Shot                Conj/Erth      ###.......   99%         6    #######
 Orb of Destruction       Conj           ####......   100%        7    #######
 Spellforged Servitor     Conj/Summ      ###.......   100%        7    #######


Dungeon Overview and Level Annotations

Branches:
Dungeon (8/15)             Temple (1/1) D:5
   Lair: D:8-11

Altars:
Ashenzari
Cheibriados
Dithmenos
Elyvilon
Fedhas
Gozag
Hepliaklqana
Kikubaaqudgha
Makhleb
Nemelex Xobeh
Okawaru
Qazlal
Ru
Sif Muna
Trog
Uskayaw
Vehumet
Wu Jian
Xom
Yredelemnul
Zin
The Shining One

Annotations:
D:3 exclusion: downstairs
D:4 exclusion: 2 downstairs
D:6 exclusion: 3 downstairs
D:7 3 runed doors, Freyura's ghost, novice FoFi
D:8 exclusion: death yak


Innate Abilities, Weirdness & Mutations

You cannot wear most types of armour.
You are very stealthy in the water. (Stealth+)
You are amphibious.
You can wear up to eight rings at the same time.
You can use your tentacles to constrict eight enemies at once.
Your skin changes colour to match your surroundings (Stealth+).
Your rubbery body absorbs attacks. (AC +1, EV +1)


Message History

The two-headed ogre is lightly wounded.
The two-headed ogre is covered in liquid flames!
The two-headed ogre burns!
The two-headed ogre hits you with a giant spiked club!!
The two-headed ogre misses you.
The two-headed ogre burns!
The two-headed ogre burns!
The two-headed ogre burns!
The two-headed ogre stops burning.
Casting: Sticky Flame (safe; 8% risk of failure)
Confirm with . or Enter, or press ? or * to list all spells.
Aiming: Sticky Flame (safe; 8% risk of failure)
Press: ? - help, Shift-Dir - straight line, f/p - two-headed ogre
Aim: a two-headed ogre, wielding a giant spiked club and a giant club The sticky flame hits the two-headed ogre.
The two-headed ogre is moderately wounded.
The two-headed ogre is covered in liquid flames!
The two-headed ogre burns!
The two-headed ogre hits you with a giant spiked club!!!
Ouch! That really hurt!
You die...

.##........+ #
..#........# .#
#.###'#<##### #####.#
...##.###...# #.....#
##.##.###.#.# #.#
#..........# #.#
##.#.###.##. #.#
#.......# #####.#
#..รท###### #..@O.#
#...).# #.#.######.##
##..#.# #...........#
#..#.#######.########
##...........#
#...######### #...#
##..# #..#


You could see a two-headed ogre (burning).

Vanquished Creatures
  A hippogriff (D:7)
  Menkaure (D:7)
  2 ice beasts
  2 orc warriors (D:7)
  2 black bears (D:7)
  An ogre (D:4)
  A phantom (D:6)
  3 centaurs
  2 bullfrogs
  2 scorpions (D:7)
  A howler monkey (D:5)
  3 crimson imps
  A centaur zombie (D:5)
  A hound (D:6)
  A jelly (D:6)
  Crazy Yiuf (D:6)
  2 orc priests (D:7)
  A bullfrog skeleton (D:4)
  Jessica (D:2)
  2 iguanas
  3 orc wizards
  3 worker ants
  A worker ant zombie (D:5)
  4 gnolls (D:5)
  A howler monkey skeleton (D:4)
  8 adders
  2 shadow imps
  An ooze (D:2)
  4 worms
  A dart slug (D:1)
  4 leopard geckos
  26 orcs
  7 bats
  4 giant cockroaches
  4 hobgoblins
  11 jackals
  A quokka (D:2)
  4 frilled lizards
  12 goblins
  7 kobolds
  A quokka skeleton (D:5)
  A quokka zombie (D:5)
  12 rats
  A fungus (D:6)
154 creatures vanquished.

Notes
Turn   | Place    | Note
-------+----------+-------------------------------------------
     0 | D:1      | catsarecewl the Octopode Fire Elementalist began the quest
                  | for the Orb.
     0 | D:1      | Reached XP level 1. HP: 11/11 MP: 3/3
   280 | D:1      | Reached XP level 2. HP: 17/17 MP: 1/5
  1141 | D:1      | Reached skill level 4 in Fire Magic
  1315 | D:2      | Reached XP level 3. HP: 20/21 MP: 0/6
  1371 | D:2      | Learned a level 2 spell: Throw Flame
  1375 | D:2      | Learned a level 3 spell: Conjure Flame
  1547 | D:2      | Noticed Jessica
  2042 | D:2      | Found a white marble altar of Elyvilon.
  2391 | D:3      | Found a deep blue altar of Sif Muna.
  2601 | D:3      | Reached XP level 4. HP: 27/27 MP: 5/7
  2994 | D:3      | Reached skill level 5 in Fire Magic
  3293 | D:3      | Found an ornate altar of the Wu Jian Council.
  3297 | D:3      | Found a snail-covered altar of Cheibriados.
  3297 | D:3      | Found a hazy altar of Hepliaklqana.
  3558 | D:4      | Reached XP level 5. HP: 31/31 MP: 3/8
  3736 | D:4      | Noticed an ogre
  3846 | D:4      | Killed an ogre
  3846 | D:4      | Reached XP level 6. HP: 36/36 MP: 0/9
  6048 | D:5      | Entered Level 5 of the Dungeon
  6554 | D:5      | Found a staircase to the Ecumenical Temple.
  6743 | D:5      | Reached skill level 5 in Conjurations
  6807 | Temple   | Entered the Ecumenical Temple
  7261 | D:5      | Reached XP level 7. HP: 41/41 MP: 10/10
  7346 | D:5      | Found a glowing silver altar of Zin.
  7940 | D:6      | Found a radiant altar of Vehumet.
  8021 | D:6      | Became a worshipper of Vehumet
  8041 | D:6      | Found a stormy altar of Qazlal.
  8097 | D:6      | Learned a level 4 spell: Sticky Flame
  8110 | D:6      | Noticed a moth of wrath
  8113 | D:6      | Found a bloodstained altar of Trog.
  8880 | D:6      | Reached XP level 8. HP: 44/46 MP: 3/11
  9044 | D:6      | Got a brightly glowing mace
  9045 | D:6      | Identified the +6 mace of the Two Names {speed, rPois MR+
                  | MP+9} (You found it on level 6 of the Dungeon)
  9194 | D:6      | Found a runed door.
  9198 | D:6      | Noticed Crazy Yiuf
  9206 | D:6      | Killed Crazy Yiuf
  9385 | D:2      | Killed Jessica
 10227 | D:7      | Reached skill level 1 in Fighting
 10227 | D:7      | Reached skill level 6 in Fire Magic
 10455 | D:7      | Noticed Menkaure
 10459 | D:7      | Killed Menkaure
 11044 | D:7      | Reached skill level 7 in Fire Magic
 11044 | D:7      | Reached XP level 9. HP: 36/58 MP: 8/12
 11234 | D:7      | Noticed Freyura's ghost (novice FoFi)
 11286 | D:7      | Found a runed gate.
 11286 | D:7      | Found a runed gate.
 11286 | D:7      | Found a runed gate.
 11647 | D:7      | Reached * piety under Vehumet
 11647 | D:7      | Offered knowledge of Freeze by Vehumet.
 11815 | D:7      | Reached skill level 5 in Fighting
 12325 | D:8      | Noticed a death yak
 12326 | D:8      | Noticed a death yak
 12371 | D:8      | Reached skill level 8 in Fire Magic
 12488 | D:8      | Noticed a two-headed ogre
 12497 | D:8      | Mangled by a two-headed ogre

Skill      XL: |  1  2  3  4  5  6  7  8  9 |
---------------+----------------------------+-----
Fire Magic     | 4 5 7 8 |  8.0
Conjurations   | 2 4 5 7 |  7.1
Stealth        | 4 |  4.0
Dodging        | 4 |  4.0
Fighting       | 3 5 |  5.3
Spellcasting   | |  2.0

Action                   |  1- 3 |  4- 6 |  7- 9 || total
-------------------------+-------+-------+-------++-------
Melee: Dagger            |    13 |    40 |    29 ||    82
       Unarmed           |     2 |       |       ||     2
       Constrict         |     4 |     9 |    12 ||    25
       Tentacles         |     1 |     4 |     9 ||    14
       Mace              |       |       |    33 ||    33
Throw: Stone             |     7 |    12 |    16 ||    35
 Cast: Flame Tongue      |    64 |    70 |    88 ||   222
       Throw Flame       |       |    49 |    68 ||   117
       Conjure Flame     |       |     3 |       ||     3
       Sticky Flame      |       |       |     9 ||     9
  Use: Scroll            |       |     2 |     4 ||     6
       Potion            |       |       |     2 ||     2
 Stab: Sleeping          |     3 |     3 |     1 ||     7
  Eat: Chunk             |     6 |     9 |    10 ||    25
       Ration            |       |     3 |     4 ||     7
Armor: Skin              |     4 |     5 |     4 ||    13
Dodge: Dodged            |    19 |    47 |    81 ||   147
